 Dungeon Crawl Stone Soup version 0.18-a0-1805-g8ab820f (webtiles) character file.

30 M4edhros the Insei (level 3, 0/25 HPs)
             Began as a Vampire Transmuter on Apr 26, 2016.
             Slain by an adder (2 damage)
             ... in a sewer.
             The game lasted 00:02:59 (485 turns).

M4edhros the Insei (Vampire Transmuter)              Turns: 485, Time: 00:02:59

Health: 0/25       AC:  2    Str: 10    XL:     3   Next: 5%
Magic:  6/6        EV: 12    Int: 15    God:
Gold:   51         SH:  0    Dex: 14    Spells: 1 memorised, 5 levels left

rFire  . . .     SeeInvis +       - Unarmed
rCold  . . .     Gourm    .     b - +0 robe
rNeg   . . .     Faith    .     (no shield)
rPois  .         Spirit   .     (no helmet)
rElec  .         Dismiss  .     (no cloak)
rCorr  .         Reflect  .     (no gloves)
SustAt .         Harm     .     (no boots)
MR     .....                    (no amulet)
Stlth  +.........               (no ring)
                                (no ring)

@: lethally poisoned (0 -> -1), very slightly contaminated, regenerating
quickly, hasted, very quick, not resistant to hostile enchantments, very
unstealthy
A: fangs 3, see invisible, unbreathing
a: no special abilities


You were in a sewer.
You were full.

You visited 1 branch of the dungeon, and saw 3 of its levels.
You also visited: Sewer.

You collected 51 gold pieces.

Inventory:

Hand Weapons
 i - a +0 blowgun
Missiles
 a - 12 arrows
 e - 13 sling bullets
 j - 13 poisoned needles
Armour
 b - a +0 robe (worn)
 g - a +0 cloak
Books
 c - a book of Changes

   Spells                             Type                      Level
   a - Beastly Appendage              Transmutation                1
   b - Sticks to Snakes               Transmutation                2
   c - Spider Form                    Transmutation/Poison         3
   d - Ice Form                       Ice/Transmutation            4
   e - Blade Hands                    Transmutation                5


   Skills:
 - Level 0.8 Fighting
 - Level 2.1 Dodging
 + Level 2.9 Stealth
 + Level 4.1 Unarmed Combat
 - Level 2.0 Spellcasting
 - Level 2.1 Transmutations


You had 5 spell levels left.
You knew the following spells:

 Your Spells              Type           Power        Failure   Level  Hunger
a - Beastly Appendage     Trmt           #.....       12%         1    #......


Dungeon Overview and Level Annotations

Branches:
Dungeon (3/15)

Altars:


Innate Abilities, Weirdness & Mutations

Your natural rate of healing is unusually fast.
You have razor-sharp teeth.
You have supernaturally acute eyesight.
You can survive without breathing.


Message History

You are poisoned.
The adder poisons you!
Wield which item (- for none, * to show all)? (? for menu, Esc to quit)
Okay, then.
You enter the shallow water.
Moving in this stuff is going to be slow.
You feel sick. The giant gecko bites you.
* * * LOW HITPOINT WARNING * * *
The adder closely misses you.
You enter the shallow water.
Moving in this stuff is going to be slow.
You aren't carrying any potions.
Read which item? (? for menu, Esc to quit)
As you read the scroll labeled VULEGEDOAMO, it crumbles to dust.
The scroll dissolves into smoke.
It was a scroll of fog.
You feel sick. The adder bites you.
* * * LOW HITPOINT WARNING * * *
The giant gecko bites you but does no damage.
The adder bites you.
You die...

#############
#≈≈.≈§§§l§§.#####
#≈.≈≈§§§S@§...∩.#
#≈≈≈#########≈...≈#
#≈≈≈≈≈≈≈≈≈≈
####≈≈∩#
#≈≈.≈≈##### ####
#######


You could see an adder and a giant gecko.

Vanquished Creatures
  An adder (D:3)
  An ooze (Sewer)
  A giant gecko (D:3)
  3 ball pythons
  2 bats (D:3)
  3 giant cockroaches (D:3)
  A hobgoblin (D:3)
  A kobold (D:3)
  A giant newt (D:3)
14 creatures vanquished.

Notes
Turn   | Place    | Note
--------------------------------------------------------------
     0 | D:1      | M4edhros the Vampire Transmuter began the quest for the Orb.
     0 | D:1      | Reached XP level 1. HP: 14/14 MP: 3/3
   161 | D:3      | Reached skill level 1 in Stealth
   215 | D:3      | Reached XP level 2. HP: 20/20 MP: 5/5
   426 | D:3      | Found a glowing drain.
   446 | Sewer    | Entered a sewer
   448 | Sewer    | Reached skill level 4 in Unarmed Combat
   448 | Sewer    | Reached XP level 3. HP: 20/25 MP: 6/6
   485 | Sewer    | Slain by an adder

Vault maps used:
D:1:      dpeg_arrival_water_temple_mockup, nrook_mini_vaults,
          monster_avoids_cloud
D:2:      kennysheep_the_goblin_king
D:3:      gup_sewer_entry_pipe, kennysheep_generic_room_7
Sewer:    sewer_frog_island_02

Skill      XL: |  1  2 |
---------------+-------+-----
Stealth        | 1 2 |  2.9
Unarmed Combat | 4 |  4.1
Fighting       | |  0.8
Dodging        | |  2.1
Spellcasting   | |  2.0
Transmutations | |  2.1

Action                   || total
-------------------------++-------
Melee: Unarmed           ||    57
       Bite              ||     3
       Kick              ||     1
 Fire: Blowgun           ||     5
 Cast: Beastly Appendage ||     1
  Use: Potion            ||     4
       Scroll            ||     1
 Stab: Sleeping          ||     3
Armor: Robe              ||    14
Dodge: Dodged            ||    49
